Map: Beckett Industries LE

Players

Player 2

  • Race: Zerg Zerg

kyama

  • Race: Zerg Zerg
  • League: Platinum

VOD

Have the link to the VOD?

Description

Time

  • Played on: Oct. 9, 2021, 7:22 p.m.
  • Length: 7:55
Show
View Real Time Build Order
Export as new Build Order

Player 2 Zerg 

Build Orders: Pool First 

Get SALT Encoding   

  12  0:01  Drone  
  13  0:12  Overlord  
  13  0:16  Drone  
  14  0:36  Spawning Pool  
  14  0:39  Extractor  
  14  0:40  Drone  
  13  0:47  Drone  
  14  0:52  Overlord  
  14  1:23  Zergling x2, Queen  
  17  1:31  Roach Warren  
  16  1:35  Drone  
  16  1:38  Extractor  
  16  1:42  Drone  
  17  1:50  Zergling x2  
  18  2:02  Drone  
  19  2:09  Drone  
  20  2:17  Zergling x2  
  20  2:18  Drone  
  22  2:29  Overlord  
  22  2:33  Drone  
  23  2:40  Drone  
  24  2:45  Roach  
  24  2:47  Drone  
  27  7:18  Drone  
  27  7:19  Roach, Overlord  
  30  7:25  Drone  
  30  7:27  Hatchery  
  30  7:32  Drone  
  31  7:40  Drone  
Show
View Real Time Build Order
Export as new Build Order

kyama Zerg 

Build Orders: Hatch First 

Get SALT Encoding   

  12  0:01  Drone  
  13  0:13  Overlord  
  13  0:17  Drone  
  14  0:31  Drone  
  14  0:32  Drone  
  16  0:51  Hatchery  
  16  0:53  Drone  
  16  0:56  Drone  
  17  1:01  Drone  
  18  1:16  Spawning Pool  
  18  1:17  Drone  
  18  1:21  Drone  
  19  1:33  Overlord  
  19  1:50  Hatchery  
  18  1:55  Drone x2  
  20  2:05  Queen  
  22  2:11  Queen  
  24  2:20  Drone x2  
  24  2:21  Drone  
  27  2:26  Drone  
  27  2:27  Drone  
  29  2:31  Drone  
  29  2:35  Drone  
  31  2:38  Drone  
  32  2:44  Overlord  
  32  2:50  Overlord  
  32  2:58  Drone x2  
  33  3:04  Queen  
  36  3:08  Drone x3  
  39  3:13  Drone  
  39  3:14  Drone x3  
  43  3:21  Extractor  
  43  3:23  Extractor  
  43  3:24  Drone  
  43  3:25  Drone x5  
  47  3:30  Drone  
  48  3:35  Roach Warren  
  48  3:36  Drone x2  
  48  3:40  Drone  
  50  3:54  Drone x3  
  50  3:55  Drone  
  54  4:03  Overlord x3  
  54  4:15  Lair  
  55  4:17  Drone x4  
  55  4:18  Overlord x2  
  55  4:19  Overlord  
  58  4:28  Drone x6  
  58  4:29  Drone  
  65  4:38  Drone x4  
  69  4:49  Extractor  
  68  4:53  Extractor  
  68  4:58  Evolution Chamber  
  66  5:03  Drone x11  
  66  5:04  Drone x2  
  79  5:14  Glial Reconstitution  
  79  5:21  Extractor  
  78  5:23  Extractor, Overlord x3  
  77  5:32  Drone x2  
  77  5:34  Zerg Missile Weapons Level 1  
  79  5:37  Overlord  
  79  5:38  Overlord  
  79  5:42  Roach  
  81  5:43  Roach x8  
  81  5:46  Overlord x2  
  97  6:13  Hatchery  
  97  6:16  Roach  
  97  6:17  Roach x13  
  124  6:26  Hydralisk Den  
  124  6:31  Roach x3  
  129  6:39  Roach x4  
  137  6:42  Overlord x2  
  137  6:54  Roach x7  
  151  7:08  Infestation Pit  
  150  7:14  Roach x7  
  166  7:15  Roach  
  166  7:18  Overlord x2  
  168  7:41  Drone x2  
Tags
 
Add a new tag
Caveats
  • Supply blocks, unpowered buildings, or Contaminate may cause inaccurate times.
  • Supply counts are checked every 10 seconds.